 Dungeon Crawl Stone Soup version 0.23-a0-49-gd9f7a49 (webtiles) character file.

20198 qdestroyer the Spear-Bearer (level 12, -18/108 HPs)
             Began as a Minotaur Fighter on Aug 6, 2018.
             Was the Champion of Okawaru.
             Killed from afar by a frost giant (23 damage)
             ... with a bolt of cold
             ... in an ice cave.
             The game lasted 00:42:37 (11304 turns).

qdestroyer the Spear-Bearer (Minotaur Fighter)     Turns: 11304, Time: 00:42:40

Health: -18/108    AC: 22    Str: 35    XL:     12   Next: 43%
Magic:  20/20      EV: 15    Int:  5    God:    Okawaru [******]
Gold:   614        SH: 15    Dex: 16    Spells: 11/11 levels left

rFire    . . .     SeeInvis .   J - +7 trident (freeze)
rCold    . . .     Gourm    .   c - +0 shield
rNeg     . . .     Faith    .   D - +0 plate armour
rPois    .         Spirit   .   C - +0 hat
rElec    .         Reflect  .   r - +1 cloak
rCorr    .         Harm     .   K - +2 pair of gloves {Str+3}
MR       .....                  B - +0 pair of boots
Stlth    ..........             a - amulet of regeneration
HPRegen  0.68/turn              k - +2 ring of strength
MPRegen  0.17/turn              p - ring of magical power

@: mighty, agile
A: retaliatory headbutt, horns 2
a: Heroism, Finesse, Renounce Religion


You were in an ice cave.
You worshipped Okawaru.
Okawaru was exalted by your worship.
You were not hungry.

You visited 3 branches of the dungeon, and saw 13 of its levels.
You also visited: Sewer, Ossuary and Ice Cave.

You collected 686 gold pieces.
You spent 72 gold pieces at shops.

Inventory:

Hand Weapons
 J - a +7 trident of freezing (weapon)
Armour
 c - a +0 shield (worn)
 r - a +1 cloak (worn)
 B - a +0 pair of boots (worn)
 C - a +0 hat (worn)
 D - a +0 plate armour (worn)
 K - a +2 pair of gloves of strength (worn)
Jewellery
 a - an amulet of regeneration (around neck)
 k - a +2 ring of strength (left hand)
 p - a ring of magical power (right hand)
Wands
 b - a wand of acid (7)
 e - a wand of random effects (95)
 t - a wand of polymorph (12)
 u - a wand of paralysis (48)
 x - a wand of clouds (4)
 z - a wand of flame (59)
 G - a wand of iceblast (10)
 I - a wand of scattershot (7)
Scrolls
 g - 2 scrolls of identify
 i - 3 scrolls of fog
 m - 2 scrolls of amnesia
 o - 3 scrolls of remove curse
 v - a scroll of summoning
 w - a scroll of fear
 y - a scroll of magic mapping
Potions
 d - a potion of might
 h - 2 potions of mutation
 j - 3 potions of flight
 l - a potion of ambrosia
 n - 9 potions of brilliance
 q - 2 potions of magic
 s - 3 potions of curing
 A - a potion of agility
 E - a potion of lignification
Miscellaneous
 H - a phantom mirror
Comestibles
 f - 10 rations


   Skills:
 + Level 10.7 Fighting
 + Level 14.7 Polearms
 + Level 11.1 Armour
 + Level 4.0 Dodging
 + Level 1.3 Stealth
 + Level 12.4 Shields


You had 11 spell levels left.
You didn't know any spells.
Your spell library contained the following spells:

 Spells                   Type           Power        Failure   Level  Hunger
 Fireball                 Conj/Fire      #.........   100%        5    ######.
 Conjure Flame            Conj/Fire      #.......     100%        3    ####...
 Throw Flame              Conj/Fire      #.....       99%         2    ###....
 Freezing Cloud           Conj/Ice/Air   #.........   100%        6    #######
 Mephitic Cloud           Conj/Pois/Air  #.......     100%        3    ####...
 Ring of Flames           Chrm/Fire      #.........   100%        7    #######
 Animate Dead             Necr           N/A          100%        4    #####..
 Pain                     Necr           #...         98%         1    ##.....
 Animate Skeleton         Necr           N/A          98%         1    ##.....
 Vampiric Draining        Necr           #.........   100%        3    ####...
 Sticky Flame             Conj/Fire      #.......     100%        4    #####..
 Regeneration             Chrm/Necr      #.........   100%        3    ####...
 Flame Tongue             Conj/Fire      #....        98%         1    ##.....
 Inner Flame              Hex/Fire       #.......     100%        3    ####...
 Poisonous Vapours        Pois/Air       #.....       99%         2    ###....


Dungeon Overview and Level Annotations

Branches:
Dungeon (11/15)            Temple (1/1) D:7            Lair (1/6) D:11
    Orc: D:9-12

Altars:
Ashenzari
Elyvilon
Fedhas
Gozag
Hepliaklqana
Kikubaaqudgha
Makhleb
Okawaru
Qazlal
Sif Muna
Uskayaw
Vehumet
Wu Jian
Xom
Yredelemnul
Zin
The Shining One

Shops:
D:7 [

Annotations:
D:4 Eustachio


Innate Abilities, Weirdness & Mutations

You reflexively headbutt those who attack you in melee.
You have a pair of horns on your head.


Message History

The bolt of cold hits you!
Ouch! That really hurt!
You closely miss the polar bear. The frost giant casts a spell at you.
The bolt of cold hits the polar bear.
The polar bear resists.
The bolt of cold hits you!
* * * LOW HITPOINT WARNING * * *
You puncture the polar bear! You freeze the polar bear.
Your headbutt misses the polar bear.
The polar bear is severely wounded.
You block the polar bear's attack.
The polar bear claws you but does no damage.
The polar bear barely misses you.
You hit the polar bear. Your headbutt misses the polar bear.
The polar bear is almost dead.
The frost giant points at you and mumbles some strange words.
The bolt of cold hits the polar bear.
The polar bear resists.
The polar bear dies!
The bolt of cold hits you!
You die... #.## ##.# ##.####..# ##.##..## ##.##.## .... #.##..# ..Y. ##.##.## ..... #.###..## h.hYh

##..###..## .Ch.
#@##(.#...#
#..###.#.#)#...#
#.C#YC.≈.###..#
#..h##≈## #..#
##.##≈≈#≈ ##.#
###≈≈≈≈≈ ##.#
#≈≈≈≈≈##.##
≈≈≈≈≈≈≈#.#
≈≈≈≈≈≈≈†##


You could see a frost giant, a polar bear and a yak.

Vanquished Creatures
  A hydra (D:11)
  Erolcha (D:9)
  2 manticores (D:11)
  Joseph (D:7)
  An ice statue (IceCv)
  Psyche (D:9)
  3 rime drakes
  2 spiny frogs (Lair:1)
  2 trolls
  9 polar bears (IceCv)
  5 blink frogs (Lair:1)
  Prince Ribbit (D:9)
  2 hippogriffs
  A shadow (D:11)
  A wraith (Ossuary)
  19 yaks
  2 wyverns
  2 hungry ghosts (D:9)
  3 wargs (D:11)
  A soldier ant (D:11)
  2 water moccasins
  Duvessa (D:6)
  A black bear (D:8)
  2 ice beasts
  4 sky beasts
  An eye of draining (D:10)
  6 orc warriors
  A necrophage (D:7)
  The ghost of tigertrap the Slasher, an amateur DgSk (D:3)
  6 ogres
  19 wolves
  4 centaurs
  3 big kobolds
  3 bullfrogs
  Dowan (D:6)
  A wyvern skeleton (D:10)
  4 scorpions
  7 killer bees (D:10)
  5 wights (D:9)
  4 howler monkeys
  7 crimson imps
  A bullfrog zombie (D:10)
  5 hounds
  5 jellies
  15 orc wizards
  2 bullfrog skeletons
  3 centaur skeletons (D:7)
  12 orc priests
  Crazy Yiuf (D:3)
  Ijyb (D:4)
  3 iguanas
  9 worker ants
  A statue (D:8)
  A hound skeleton (D:3)
  4 mummies
  Robin (D:3)
  A worker ant zombie (D:9)
  7 gnolls
  A howler monkey skeleton (D:3)
  8 adders
  A river rat (Sewer)
  4 shadow imps
  2 adder skeletons (D:5)
  4 worms
  2 dart slugs
  7 leopard geckos
  68 orcs
  3 bats
  7 giant cockroaches
  A gnoll zombie (Ossuary)
  19 goblins
  11 hobgoblins
  9 jackals
  4 quokkas
  A ball python (D:5)
  3 frilled lizards
  2 goblin zombies (Ossuary)
  6 hobgoblin zombies (Ossuary)
  2 jackal zombies
  22 kobolds
  2 kobold zombies (Ossuary)
  10 rats
414 creatures vanquished.

Vanquished Creatures (collateral kills)
  A quasit (D:11)
1 creature vanquished.

Vanquished Creatures (others)
  3 polar bears (IceCv)
  6 wolves (IceCv)
  3 plants (Lair:1)
12 creatures vanquished.

Grand Total: 427 creatures vanquished

Notes
Turn   | Place    | Note
-------+----------+-------------------------------------------
     0 | D:1      | qdestroyer the Minotaur Fighter began the quest for the Orb.
     0 | D:1      | Reached XP level 1. HP: 19/19 MP: 0/0
   147 | D:1      | Reached XP level 2. HP: 27/27 MP: 1/1
   652 | D:2      | Reached skill level 3 in Polearms
   790 | D:2      | Reached XP level 3. HP: 22/33 MP: 2/2
  1244 | D:3      | Found a transporter.
  1260 | D:3      | Found a transporter.
  1261 | D:3      | Noticed tigertrap's ghost (amateur DgSk)
  1297 | D:3      | Reached XP level 4. HP: 40/40 MP: 3/3
  1300 | D:3      | Reached skill level 4 in Polearms
  1311 | D:3      | Killed tigertrap's ghost
  1311 | D:3      | Reached XP level 5. HP: 10/47 MP: 4/4
  1621 | D:3      | Reached skill level 5 in Polearms
  1751 | D:3      | Found a runed door.
  1755 | D:3      | Noticed Crazy Yiuf
  1763 | D:3      | Killed Crazy Yiuf
  1962 | D:3      | Noticed Robin
  1980 | D:3      | Killed Robin
  1980 | D:3      | Reached XP level 6. HP: 41/53 MP: 5/5
  2145 | D:3      | Found a glowing golden altar of the Shining One.
  2296 | D:4      | Noticed Ijyb
  2310 | D:4      | Killed Ijyb
  2310 | D:4      | Reached skill level 5 in Armour
  2326 | D:4      | Reached skill level 5 in Shields
  2626 | D:4      | Reached skill level 6 in Polearms
  2673 | D:4      | Noticed Eustachio
  2686 | D:5      | Entered Level 5 of the Dungeon
  2694 | D:5      | Found a glowing drain.
  2713 | Sewer    | Entered a sewer
  2775 | Sewer    | Reached skill level 1 in Dodging
  2780 | Sewer    | Reached XP level 7. HP: 57/60 MP: 6/6
  2806 | Sewer    | Found a white marble altar of Elyvilon.
  2981 | D:5      | Found a sand-covered staircase.
  2985 | Ossuary  | Entered an ossuary
  2985 | Ossuary  | Noticed a wraith
  2985 | Ossuary  | Noticed a wraith
  2985 | Ossuary  | Noticed a wraith
  3102 | Ossuary  | Reached skill level 5 in Fighting
  3263 | Ossuary  | Got a bound iron ring
  3270 | Ossuary  | Noticed a wraith
  3285 | Ossuary  | Killed a wraith
  3509 | Ossuary  | Reached skill level 7 in Polearms
  3811 | D:5      | Reached XP level 8. HP: 58/68 MP: 7/7
  3896 | D:5      | Reached skill level 8 in Polearms
  3946 | D:5      | Found a white marble altar of Elyvilon.
  4412 | D:5      | Got a bloodstained trident
  4417 | D:5      | Identified the cursed +0 trident of Circular Logic {freeze, rF+} (You found it on level 5 of the Dungeon)
  4791 | D:6      | Reached skill level 9 in Polearms
  5054 | D:6      | Identified the cursed ring of the Equinox {rC- rN+ MR+ Str-4 Int+2} (You found it in an ossuary)
  5119 | D:6      | Found a hazy altar of Hepliaklqana.
  5582 | D:6      | Reached XP level 9. HP: 37/75 MP: 8/8
  5887 | D:6      | Found a glowing golden altar of the Shining One.
  6032 | D:6      | Noticed Duvessa
  6033 | D:6      | Noticed Dowan
  6039 | D:6      | Killed Duvessa
  6039 | D:6      | Reached skill level 1 in Stealth
  6045 | D:6      | Killed Dowan
  6372 | D:7      | Reached skill level 10 in Polearms
  6755 | D:7      | Found a staircase to the Ecumenical Temple.
  6761 | Temple   | Entered the Ecumenical Temple
  6903 | Temple   | Became a worshipper of Warmaster Okawaru
  7021 | D:7      | Found Xoelar's Antique Armour Emporium.
  7029 | D:7      | Bought a hat for 72 gold pieces
  7266 | D:7      | Noticed Joseph
  7278 | D:7      | Killed Joseph
  7278 | D:7      | Reached * piety under Okawaru
  7278 | D:7      | Reached skill level 11 in Polearms
  8349 | D:8      | Found a radiant altar of Vehumet.
  8359 | D:8      | Reached XP level 10. HP: 60/86 MP: 9/9
  8828 | D:9      | Noticed Psyche
  8838 | D:9      | Killed Psyche
  9174 | D:9      | Reached skill level 12 in Polearms
  9187 | D:9      | Noticed Erolcha
  9192 | D:9      | Killed Erolcha
  9192 | D:9      | Reached ** piety under Okawaru
  9266 | D:9      | Noticed Prince Ribbit
  9271 | D:9      | Killed Prince Ribbit
  9516 | D:10     | Entered Level 10 of the Dungeon
  9633 | D:10     | Reached *** piety under Okawaru
  9911 | D:10     | Reached skill level 13 in Polearms
  9911 | D:10     | Reached XP level 11. HP: 95/95 MP: 10/10
  9981 | D:10     | Reached skill level 10 in Shields
  9989 | D:10     | Reached **** piety under Okawaru
 10194 | D:11     | Noticed a five-headed hydra
 10209 | D:11     | Killed a five-headed hydra
 10209 | D:11     | Reached ***** piety under Okawaru
 10309 | D:11     | Received a gift from Okawaru
 10328 | D:11     | Found a staircase to the Lair.
 10400 | Lair:1   | Entered Level 1 of the Lair of Beasts
 10413 | Lair:1   | Reached skill level 10 in Armour
 10425 | Lair:1   | Reached skill level 14 in Polearms
 10589 | Lair:1   | Reached skill level 10 in Fighting
 10592 | Lair:1   | Found a frozen archway.
 10604 | IceCv    | Entered an ice cave
 10872 | IceCv    | Reached XP level 12. HP: 48/106 MP: 11/11
 11056 | IceCv    | Reached ****** piety under Okawaru
 11129 | IceCv    | Received a gift from Okawaru
 11275 | IceCv    | Noticed a frost giant
 11302 | IceCv    | HP: 5/108 [frost giant/bolt of cold (47)]
 11304 | IceCv    | Killed from afar by a frost giant

Vault maps used:
D:1:      ebering_trefoil_twist
D:2:      first_ration
D:3:      lemuel_round_altar, gammafunk_ghost_mausoleum, serial_glass,
          glass_columns_a, glass_columns_a, uniq_crazy_yiuf_cottage, uniq_robin
D:4:      uniq_eustachio, uniq_grinder, uniq_ijyb
D:5:      elyvilon_altar_5, portal_sewer_entry_f, enter_ossuary_5
D:6:      kennysheep_mini_moat, basic_altar, uniq_duvessa
D:7:      minitemple, minmay_temple_entry_enclosed_plants, serial_shops, shop,
          uniq_joseph
D:8:      vehumet_statue
D:9:      uniq_erolcha, uniq_psyche, uniq_prince_ribbit1
D:10:     grunt_ogre_cave
D:11:     erik_lair_orcish_takeover, serial_shops, shop
Temple:   dshaligram_water_room_temple
Lair:1:   portal_ice_cave_rime, worms_lemuel
Sewer:    sewer_kobolds
Ossuary:  ossuary_kennysheep_city_of_the_dead
IceCv:    ice_cave_caverns_02

Skill      XL: |  1  2  3  4  5  6  7  8  9 10 11 12 |
---------------+-------------------------------------+-----
Shields        | 4 5 6 7 8 9 11 12 | 12.4
Polearms       | 3 4 5 6 7 9 11 13 14 | 14.7
Fighting       | 4 5 6 7 8 10 | 10.7
Armour         | 4 5 7 8 9 10 11 | 11.1
Dodging        | 1 2 3 4 |  4.0
Stealth        | 1 |  1.3

Action                   |  1- 3 |  4- 6 |  7- 9 | 10-12 || total
-------------------------+-------+-------+-------+-------++-------
Melee: Trident           |    89 |   199 |   479 |   681 ||  1448
       Headbutt          |    12 |    30 |    78 |   116 ||   236
  Use: Scroll            |     5 |     7 |    13 |    13 ||    38
       Potion            |       |     1 |     1 |    10 ||    12
 Stab: Distracted        |       |       |     1 |       ||     1
  Eat: Ration            |     1 |     1 |     6 |     3 ||    11
       Chunk             |       |       |       |     2 ||     2
Armor: Scale mail        |    33 |    46 |    82 |       ||   161
       Plate armour      |       |       |    23 |   272 ||   295
Dodge: Dodged            |    21 |    43 |    96 |   121 ||   281
Block: Shield            |    31 |   104 |   180 |   346 ||   661

Table legend:
 A = Spawn XP
 B = Non-spawn XP
 C = Spawn XP percentage of total XP
 D = Spawn monster count
 E = Non-spawn monster count
 F = Spawn count percentage of total count
 G = Total turns spent on level
                    A         B        C        D         E        F      G
               +---------+---------+-------+---------+---------+-------+---------
         Total |       0 |   28855 |   0.0 |       0 |     419 |   0.0 | 11304
               +---------+---------+-------+---------+---------+-------+---------
           D:1 |       0 |      29 |   0.0 |       0 |      15 |   0.0 |   628
           D:2 |       0 |      60 |   0.0 |       0 |      11 |   0.0 |   597
           D:3 |       0 |     317 |   0.0 |       0 |      50 |   0.0 |  1046
           D:4 |       0 |     225 |   0.0 |       0 |       8 |   0.0 |   415
           D:5 |       0 |     757 |   0.0 |       0 |      38 |   0.0 |  1206
           D:6 |       0 |    1333 |   0.0 |       0 |      30 |   0.0 |  1627
           D:7 |       0 |    1762 |   0.0 |       0 |      38 |   0.0 |  1446
           D:8 |       0 |     738 |   0.0 |       0 |      13 |   0.0 |   765
           D:9 |       0 |    3210 |   0.0 |       0 |      24 |   0.0 |   889
          D:10 |       0 |    2805 |   0.0 |       0 |      68 |   0.0 |   641
          D:11 |       0 |    4431 |   0.0 |       0 |      34 |   0.0 |   243
        Lair:1 |       0 |    4479 |   0.0 |       0 |      19 |   0.0 |   204
         Sewer |       0 |     126 |   0.0 |       0 |      12 |   0.0 |   141
       Ossuary |       0 |     275 |   0.0 |       0 |      15 |   0.0 |   593
         IceCv |       0 |    8308 |   0.0 |       0 |      44 |   0.0 |   700
               +---------+---------+-------+---------+---------+-------+---------
